 Dungeon Crawl Stone Soup version 0.20.0-15-g7f486f2 (webtiles) character file.

99130 JeffiDaFish the Bludgeoner (level 16, -3/103 HPs)
             Began as a Gargoyle Fighter on June 13, 2017.
             Was the Champion of Okawaru.
             Killed by divine providence
             ... invoked by an orc priest
              (9 damage)
             ... on level 2 of the Orcish Mines on June 14, 2017.
             The game lasted 01:02:17 (25353 turns).

JeffiDaFish the Bludgeoner (Gargoyle Fighter)      Turns: 25353, Time: 01:02:17

Health: -3/103     AC: 41    Str: 20    XL:     16   Next: 24%
Magic:  21/21      EV: 10    Int: 15    God:    Okawaru [******]
Gold:   2615       SH: 31    Dex: 19    Spells: 18/22 levels left

rFire    . . .     SeeInvis +   p - +2 morningstar
rCold    + . .     Gourm    .   O - +0 large shield {AC+3}
rNeg     + + .     Faith    .   y - +2 chain mail {rC+}
rPois    ∞         Spirit   .   L - +3 crown of Dyrovepreva {rElec Int+2 SInv}
rElec    +         Reflect  +   w - +2 cloak {+Inv}
rCorr    .         Harm     .   k - +2 pair of gloves
MR       ++...                  B - +2 pair of boots of Poor Excuses {rN+ Dex+3}
Stlth    ..........             g - +6 amulet of reflection
Regen    0.3/turn               a - ring of protection from magic
MPRegen  0.2/turn               (no ring)

@: flying
A: big wings, claws 1, hooves 1, large bone plates 1, thin skeletal structure 1,
clever 1, negative energy resistance 1, electricity resistance, unbreathing,
evolution 1, petrification resistance, rot immunity, AC +11
a: Stop Flying, Heroism, Finesse, Renounce Religion, Evoke Invisibility


You were on level 2 of the Orcish Mines.
You worshipped Okawaru.
Okawaru was exalted by your worship.
You were not hungry.

You visited 4 branches of the dungeon, and saw 24 of its levels.

You collected 2615 gold pieces.

Inventory:

Hand Weapons
 p - a +2 morningstar (weapon)
 E - the +3 morningstar of False Hope {protect, -Tele Str+6}
   (You found it on level 4 of the Lair of Beasts)

   It protects the one who uses it against injury (+AC on strike).
   It affects your strength (+6).
   It prevents most forms of teleportation.
Armour
 k - a +2 pair of gloves (worn)
 l - a scarf of cloud immunity
 q - a +2 helmet
 w - a +2 cloak of invisibility (worn)
 y - a +2 chain mail of cold resistance (worn)
 B - the +2 pair of boots of Poor Excuses (worn) {rN+ Dex+3}
   (Okawaru gifted it to you on level 2 of the Lair of Beasts)

   It affects your dexterity (+3).
   It protects you from negative energy.
 L - the +3 crown of Dyrovepreva (worn) {rElec Int+2 SInv}
   (You found it on level 10 of the Dungeon)

   It affects your intelligence (+2).
   It insulates you from electricity.
   It lets you see invisible.
 O - a +0 large shield of protection (worn)
Jewellery
 a - a ring of protection from magic (left hand)
 g - a +6 amulet of reflection (around neck)
Wands
 t - a wand of scattershot (9/9)
Scrolls
 d - 10 scrolls of remove curse
 j - 3 scrolls of teleportation
 m - 7 scrolls of identify
 z - 2 scrolls of fog
 D - 2 scrolls of recharging
 G - 3 scrolls of amnesia
 H - a scroll of fear
 J - 3 scrolls of magic mapping
Potions
 b - 3 potions of ambrosia
 e - 3 potions of invisibility
 o - 4 potions of resistance
 s - 2 potions of curing
 u - 4 potions of brilliance
 x - a potion of cancellation
 A - 2 potions of haste
 I - a potion of agility
Books
 n - a Young Poisoner's Handbook

   Spells                             Type                      Level
   a - Sting                          Conjuration/Poison           1
   b - Poisonous Vapours              Poison/Air                   2
   c - Mephitic Cloud                 Conjuration/Poison/Air       3
   d - Olgreb's Toxic Radiance        Poison                       4
   e - Venom Bolt                     Conjuration/Poison           5
Comestibles
 f - 13 bread rations
 h - 21 meat rations
 i - 7 royal jellies
 r - 19 fruits


   Skills:
 * Level 12.4 Fighting
 * Level 16.0 Maces & Flails
 * Level 10.7 Armour
 + Level 6.3 Dodging
 - Level 2.5 Stealth
 * Level 15.9 Shields
 + Level 3.7 Spellcasting
 + Level 4.0 Poison Magic
 + Level 5.3 Invocations
 - Level 0.1 Evocations


You had 18 spell levels left.
You knew the following spells:

 Your Spells              Type           Power        Failure   Level  Hunger
a - Olgreb's Toxic Radia  Pois           ##......     100%        4    ####...


Dungeon Overview and Level Annotations

Branches:
Dungeon (15/15)            Temple (1/1) D:5            Lair (6/6) D:9
 Shoals (0/4) Lair:3       Spider (0/4) Lair:3        Slime (0/5) Lair:5
    Orc (2/2) D:11         Vaults (0/5) D:13         Depths (0/5) D:15
    Elf: Orc:2

Altars:
Ashenzari
Cheibriados
Elyvilon
Fedhas
Gozag
Hepliaklqana
Kikubaaqudgha
Makhleb
Nemelex Xobeh
Okawaru
Qazlal
Ru
Sif Muna
Trog
Uskayaw
Vehumet
Xom
Yredelemnul
Zin
The Shining One
Jiyva

Shops:
D:12 :   Orc:2 *((!:(


Innate Abilities, Weirdness & Mutations

You are resistant to torment.
Your stone body is resilient. (AC +11)
You are immune to poison.
Your large and strong wings let you fly indefinitely.
You resist negative energy. (rN+)
You are resistant to electric shocks. (rElec)
You can survive without breathing.
You are immune to petrification.
You are immune to rotting.
You have sharp fingernails.
You have large cloven feet.
You are partially covered in large bone plates. (SH +4)
You have a somewhat thin skeletal structure. (Dex +2, Stealth)
Your mind is acute. (Int +2)
You evolve.


Message History

Okawaru accepts your kill.
Things that are here:
a short sword; a runed scale mail
Found Pof Kuam's Weapon Boutique.
You start resting.
Eating a chunk of flesh.
You eat the chunk of flesh.
This raw flesh tastes terrible.
An orc priest comes into view. It is wielding a hand axe.
Found 12 gold pieces.
You start resting.
You start resting.
The orc priest shouts!
The orc priest mumbles some strange prayers to Beogh against you.
Beogh smites you!
* * * LOW HITPOINT WARNING * * *
The orc priest invokes the aid of Beogh against you.
Beogh smites you!
* * * LOW HITPOINT WARNING * * *
The orc priest calls down the wrath of Beogh upon you.
Beogh smites you!
You die...

..........o....#
..)............###
.................##
..................#
............o.....#
.................#
..o............#.##
............#.....##
............##..@..#
.............#.....##
....................#
...............#.#.##
.....∩.....$.#######
........#...## ... ..


You could see an orc priest.

Vanquished Creatures
  Rupert (Orc:2)
  Gastronok (D:8)
  A fire giant (D:15)
  A fire dragon (Lair:6)
  An ice dragon (D:13)
  The ghost of Ruich the Thaumaturge, a journeyman SpWz of Sif Muna (Lair:5)
  The ghost of completeli the Spear-Bearer, a journeyman MfSk of Fedhas (Lair:1)
  6 hydras
  A death knight (D:14)
  2 catoblepae
  2 centaur warriors
  The ghost of theRoog the Cleaver, a novice MiBe of Trog (D:8)
  A tengu warrior (D:13)
  9 two-headed ogres
  11 death yaks
  5 orc high priests
  5 skeletal warriors (D:9)
  3 unseen horrors (D:15)
  The ghost of drcatpants the Grappler, a novice VSFi of Makhleb (D:9)
  A wizard (D:13)
  2 phantasmal warriors (D:14)
  Pikel (D:8)
  2 lindwurms (Lair:6)
  2 deep elf magi (D:15)
  An orc sorcerer (Orc:2)
  2 cyclopes
  6 ugly things
  10 elephants
  4 manticores
  Joseph (D:7)
  3 black mambas
  3 gargoyles
  16 spiny frogs
  5 torpor snails (Lair:6)
  8 komodo dragons
  2 rime drakes
  2 freezing wraiths (D:14)
  3 trolls
  A queen bee (D:15)
  3 jumping spiders (Lair:3)
  A polar bear (Lair:6)
  3 meliai (D:15)
  3 tyrant leeches (Lair:6)
  9 hornets
  12 hippogriffs
  5 dream sheep (Lair:5)
  10 blink frogs
  4 slime creatures (D:14)
  A redback (Lair:3)
  2 shadows
  54 yaks
  Sigmund (D:4)
  A wraith (D:14)
  A human (shapeshifter) (D:13)
  3 wyverns
  2 basilisks
  2 vampire mosquitoes (D:13)
  4 hungry ghosts
  4 wargs
  A soldier ant (D:12)
  2 acid dragons
  12 water moccasins
  2 hell hounds (Lair:3)
  14 orc warriors
  2 ice beasts
  6 porcupines
  A hornet zombie (D:15)
  2 phantoms
  A sky beast (D:9)
  2 necrophages
  7 ogres
  The ghost of theRoog the Chopper, an amateur MiBe of Trog (D:3)
  2 black bears
  An eye of draining (D:13)
  4 boggarts (D:15)
  31 wolves
  13 centaurs
  4 crocodiles
  3 big kobolds
  20 bullfrogs
  2 wyvern skeletons
  A scorpion (D:8)
  12 killer bees
  4 wights
  3 electric eels (D:11)
  7 crimson imps
  5 centaur zombies
  2 bullfrog zombies
  3 jellies
  5 hounds
  A quasit (D:13)
  A gnoll shaman (D:7)
  2 human zombies (D:14)
  23 orc priests
  24 orc wizards
  Crazy Yiuf (D:6)
  5 centaur skeletons
  2 human skeletons (D:14)
  3 iguanas
  Natasha (thrice) (D:4)
  6 hell rats (Lair:5)
  3 worker ants
  Ijyb (D:4)
  A hound zombie (D:11)
  An ogre skeleton (D:14)
  A hound skeleton (D:10)
  3 mummies (D:14)
  2 worker ant zombies
  16 gnolls
  23 adders
  2 shadow imps (D:15)
  An adder skeleton (D:9)
  6 worms
  6 dart slugs
  5 leopard geckos
  57 orcs
  2 ball pythons
  5 bats
  4 giant cockroaches
  10 goblins
  11 hobgoblins
  14 jackals
  26 kobolds
  9 quokkas
  3 frilled lizards
  A jackal skeleton (D:4)
  A leopard gecko skeleton (D:5)
  A leopard gecko zombie (D:6)
  2 orc zombies (D:14)
  8 rats
  A plant (Lair:6)
726 creatures vanquished.

Vanquished Creatures (others)
  A two-headed ogre (D:14)
  2 cyclopes
  A slave (D:8)
  A boggart (D:15)
  4 centaurs
  A bullfrog (D:8)
  An orc wizard (Orc:2)
  5 plants
16 creatures vanquished.

Grand Total: 742 creatures vanquished

Notes
Turn   | Place    | Note
-------+----------+-------------------------------------------
     0 | D:1      | JeffiDaFish the Gargoyle Fighter began the quest for the Orb.
     0 | D:1      | Reached XP level 1. HP: 14/14 MP: 1/1
   218 | D:1      | Reached XP level 2. HP: 12/19 MP: 2/2
   601 | D:1      | Reached XP level 3. HP: 22/24 MP: 3/3
   620 | D:1      | Found a snail-covered altar of Cheibriados.
  1112 | D:2      | Reached XP level 4. HP: 26/29 MP: 4/4
  1528 | D:2      | Reached skill level 3 in Maces & Flails
  1876 | D:2      | Reached skill level 1 in Dodging
  1876 | D:2      | Reached XP level 5. HP: 33/33 MP: 5/5
  2238 | D:3      | Noticed theRoog's ghost (amateur MiBe)
  2254 | D:3      | Killed theRoog's ghost
  2254 | D:3      | Reached skill level 4 in Maces & Flails
  2254 | D:3      | Reached XP level 6. HP: 18/38 MP: 6/6
  2557 | D:3      | Noticed a phantom
  2603 | D:3      | Killed a phantom
  2603 | D:3      | Reached XP level 7. HP: 37/44 MP: 7/7
  2715 | D:3      | Reached skill level 5 in Maces & Flails
  2757 | D:3      | Found a deep blue altar of Sif Muna.
  2757 | D:3      | Found a blossoming altar of Fedhas.
  2897 | D:3      | Found a sparkling altar of Nemelex Xobeh.
  3504 | D:4      | Found a sacrificial altar of Ru.
  3508 | D:4      | Found an iron altar of Okawaru.
  3561 | D:4      | Noticed Natasha
  3595 | D:4      | Killed Natasha
  3609 | D:4      | Noticed Natasha
  3617 | D:4      | Killed Natasha
  3617 | D:4      | Reached skill level 5 in Shields
  3646 | D:4      | HP: 1/44 [phantom (6)]
  4123 | D:4      | Reached skill level 1 in Stealth
  4146 | D:4      | Noticed Ijyb
  4158 | D:4      | Killed Ijyb
  4313 | D:4      | Found a basalt altar of Yredelemnul.
  4323 | D:4      | Noticed Sigmund
  4378 | D:4      | Noticed Natasha
  4386 | D:4      | Killed Natasha
  4386 | D:4      | Reached XP level 8. HP: 43/48 MP: 8/8
  4426 | D:5      | Entered Level 5 of the Dungeon
  4478 | D:5      | Reached skill level 6 in Maces & Flails
  4634 | D:5      | Found a staircase to the Ecumenical Temple.
  4655 | Temple   | Entered the Ecumenical Temple
  5081 | D:5      | Reached skill level 5 in Fighting
  5114 | D:4      | Killed Sigmund
  5122 | D:4      | Became a worshipper of Warmaster Okawaru
  5449 | D:6      | Found a runed door.
  5453 | D:6      | Noticed Crazy Yiuf
  5459 | D:6      | Killed Crazy Yiuf
  5459 | D:6      | Reached skill level 5 in Armour
  5697 | D:6      | Reached skill level 7 in Maces & Flails
  6036 | D:6      | Reached XP level 9. HP: 52/54 MP: 9/9
  6143 | D:6      | Found a radiant altar of Vehumet.
  6145 | D:6      | Found a burning altar of Makhleb.
  6234 | D:6      | Reached * piety under Okawaru
  6534 | D:7      | Reached skill level 8 in Maces & Flails
  6745 | D:7      | Found a snail-covered altar of Cheibriados.
  6779 | D:7      | Found a glowing silver altar of Zin.
  6787 | D:7      | Reached ** piety under Okawaru
  7020 | D:7      | Noticed Joseph
  7037 | D:7      | Killed Joseph
  7226 | D:7      | Gained mutation: You evolve. [potion of mutation]
  7226 | D:7      | Gained mutation: Your mind is acute. (Int +2) [potion of mutation]
  7226 | D:7      | Gained mutation: You have a somewhat thin skeletal structure. (Dex +2, Stealth) [potion of mutation]
  7226 | D:7      | Gained mutation: You have sharp fingernails. [potion of mutation]
  7251 | D:8      | Noticed Pikel
  7258 | D:8      | Killed Pikel
  7258 | D:8      | Reached skill level 9 in Maces & Flails
  7258 | D:8      | Reached XP level 10. HP: 60/60 MP: 10/10
  7412 | D:8      | Noticed theRoog's ghost (novice MiBe)
  7428 | D:8      | Killed theRoog's ghost
  7428 | D:8      | Reached *** piety under Okawaru
  7984 | D:8      | Noticed Gastronok
  8000 | D:8      | HP: 3/60 [Gastronok (25)]
  8398 | D:8      | Killed Gastronok
  8398 | D:8      | Reached **** piety under Okawaru
  8398 | D:8      | Reached skill level 10 in Maces & Flails
  8490 | D:8      | Noticed a two-headed ogre
  8514 | D:8      | Killed a two-headed ogre
  8514 | D:8      | Reached XP level 11. HP: 63/67 MP: 11/11
  8594 | D:8      | Reached skill level 11 in Maces & Flails
  8834 | D:8      | Noticed a two-headed ogre
  8848 | D:8      | Killed a two-headed ogre
  8848 | D:8      | Reached ***** piety under Okawaru
  9328 | D:9      | Noticed drcatpants's ghost (novice VSFi)
  9329 | D:9      | Found a staircase to the Lair.
  9346 | D:9      | Reached skill level 10 in Shields
  9364 | D:9      | Killed drcatpants's ghost
  9384 | D:9      | Gained mutation: You are partially covered in large bone plates. (SH +4) [evolution]
  9785 | D:9      | Noticed a two-headed ogre
  9794 | D:9      | Killed a two-headed ogre
  9981 | D:9      | Gained mutation: You are frail. (-10% HP) [evolution]
 10281 | Lair:1   | Entered Level 1 of the Lair of Beasts
 10342 | Lair:1   | Noticed a five-headed hydra
 10360 | Lair:1   | Killed a five-headed hydra
 10360 | Lair:1   | Reached ****** piety under Okawaru
 10394 | Lair:1   | Received a gift from Okawaru
 10404 | Lair:1   | Reached skill level 12 in Maces & Flails
 10517 | Lair:1   | Reached XP level 12. HP: 44/67 MP: 12/12
 10725 | Lair:1   | Noticed completeli's ghost (journeyman MfSk)
 10767 | Lair:1   | Killed completeli's ghost
 10930 | Lair:1   | Noticed a seven-headed hydra
 10946 | Lair:1   | Killed a seven-headed hydra
 11704 | Lair:1   | Gained mutation: Scrolls take you a little longer to read. [evolution]
 12200 | Lair:2   | Reached skill level 13 in Maces & Flails
 12301 | Lair:2   | Identified the +1 chain mail of Fortification {rF+ MP+9 Stlth+} (You found it on level 2 of the Lair of Beasts)
 12317 | Lair:2   | Noticed a catoblepas
 12336 | Lair:2   | Killed a catoblepas
 12412 | Lair:2   | Received a gift from Okawaru
 12418 | Lair:2   | Got a pair of transparent boots {god gift}
 12424 | Lair:2   | Identified the +2 pair of boots of Poor Excuses {rN+ Dex+3} (Okawaru gifted it to you on level 2 of the Lair of Beasts)
 12711 | Lair:2   | Reached XP level 13. HP: 72/72 MP: 13/13
 12957 | Lair:3   | Found a hole to the Spider Nest.
 13637 | Lair:3   | Found a staircase to the Shoals.
 13878 | Lair:4   | Got a fine morningstar
 13879 | Lair:4   | Identified the cursed +3 morningstar of False Hope {protect, -Tele Str+6} (You found it on level 4 of the Lair of Beasts)
 14621 | Lair:5   | Found a staircase to the Slime Pits.
 14621 | Lair:5   | Found a viscous altar of Jiyva.
 14668 | Lair:5   | Reached skill level 14 in Maces & Flails
 14720 | Lair:5   | Received a gift from Okawaru
 14759 | Lair:5   | Noticed Ruich's ghost (journeyman SpWz)
 14804 | Lair:5   | Killed Ruich's ghost
 14804 | Lair:5   | Reached skill level 10 in Fighting
 14804 | Lair:5   | Reached skill level 1 in Invocations
 15464 | Lair:6   | Entered Level 6 of the Lair of Beasts
 15464 | Lair:6   | Found a snail-covered altar of Cheibriados.
 15549 | Lair:5   | Reached skill level 5 in Dodging
 15611 | Lair:6   | Gained mutation: Your large and strong wings let you fly indefinitely. [Gargoyle growth]
 15611 | Lair:6   | Reached XP level 14. HP: 52/79 MP: 14/14
 15825 | Lair:5   | Lost mutation: Scrolls take you a little longer to read. [evolution]
 15846 | Lair:5   | Received a gift from Okawaru
 15874 | Lair:5   | Got a jewelled helmet {god gift}
 15885 | Lair:5   | Identified the -5 helmet "Sesuneoc" {+Fly rN+ Stlth-} (Okawaru gifted it to you on level 5 of the Lair of Beasts)
 16164 | Lair:6   | Reached skill level 15 in Maces & Flails
 16325 | Lair:6   | Learned a level 4 spell: Olgreb's Toxic Radiance
 16854 | Lair:6   | Found a runed door.
 16888 | Lair:6   | Reached skill level 1 in Spellcasting
 17023 | Lair:6   | Reached skill level 1 in Poison Magic
 17063 | Lair:6   | Reached skill level 15 in Shields
 17119 | Lair:6   | Received a gift from Okawaru
 17819 | D:10     | Entered Level 10 of the Dungeon
 18165 | D:10     | Reached XP level 15. HP: 80/85 MP: 18/18
 18933 | D:11     | Found a staircase to the Orcish Mines.
 19587 | D:12     | Lost mutation: You are frail. (-10% HP) [evolution]
 19988 | D:12     | Found Vyprogh's Book Shop.
 20212 | D:13     | Received a gift from Okawaru
 20557 | D:13     | Found a gate to the Vaults.
 20661 | D:13     | Reached skill level 10 in Armour
 21620 | D:14     | Found an ancient bone altar of Kikubaaqudgha.
 21632 | D:14     | Gained mutation: You have large cloven feet. [evolution]
 21827 | D:15     | Entered Level 15 of the Dungeon
 22312 | D:15     | Found a shattered altar of Ashenzari.
 22327 | D:15     | Received a gift from Okawaru
 22732 | D:15     | Found a staircase to the Depths.
 22732 | D:15     | Noticed a fire giant
 22746 | D:15     | Killed a fire giant
 22746 | D:15     | Reached skill level 5 in Invocations
 22839 | D:15     | Reached XP level 16. HP: 84/101 MP: 20/20
 23463 | Orc:1    | Entered Level 1 of the Orcish Mines
 23947 | Orc:2    | Entered Level 2 of the Orcish Mines
 23951 | Orc:2    | Noticed Rupert
 23988 | Orc:2    | Killed Rupert
 23988 | Orc:2    | Reached skill level 16 in Maces & Flails
 24294 | Orc:2    | Found Sosaikew's General Store.
 25036 | Orc:2    | Paralysed by an orc sorcerer for 6 turns
 25163 | Orc:2    | Found Casil's Antique Weapon Shop.
 25163 | Orc:2    | Found Naapes's Antique Weapon Shop.
 25164 | Orc:2    | Found Istril's Distillery.
 25169 | Orc:2    | Found Nimias's Book Boutique.
 25271 | Orc:2    | Found Pof Kuam's Weapon Boutique.
 25353 | Orc:2    | Killed from afar by an orc priest

Skill      XL: |  1  2  3  4  5  6  7  8  9 10 11 12 13 14 15 16 |
---------------+-------------------------------------------------+-----
Fighting       | 4 5 7 8 9 10 11 12 | 12.4
Shields        | 4 5 6 8 9 11 12 14 15 | 15.9
Maces & Flails | 3 4 5 7 9 10 12 13 14 15 16 | 16.0
Dodging        | 1 2 3 4 5 6 |  6.3
Armour         | 4 5 6 7 8 9 10 | 10.7
Stealth        | 1 2 |  2.5
Invocations    | 1 3 5 |  5.3
Spellcasting   | 2 3 |  3.7
Poison Magic   | 1 3 4 |  4.0
Evocations     | |  0.1

Action                   |  1- 3 |  4- 6 |  7- 9 | 10-12 | 13-15 | 16-18 || total
-------------------------+-------+-------+-------+-------+-------+-------++-------
Melee: Flail             |   146 |   245 |    89 |       |       |       ||   480
       Morningstar       |       |       |   441 |   861 |  1974 |   279 ||  3555
Invok: Heroism           |       |       |       |     2 |       |       ||     2
       Finesse           |       |       |       |       |     3 |     1 ||     4
Evoke: Wand              |       |       |       |       |     2 |       ||     2
  Use: Scroll            |     3 |     5 |     7 |     8 |    14 |     2 ||    39
       Potion            |     1 |     4 |     8 |     4 |     5 |     7 ||    29
 Stab: Invisible         |       |       |     2 |       |       |       ||     2
  Eat: Chunk             |     1 |     5 |    14 |    18 |    36 |     8 ||    82
       Royal jelly       |       |       |     1 |     1 |       |       ||     2
Armor: Scale mail        |    94 |   126 |   308 |    22 |       |       ||   550
       Chain mail        |       |       |       |   247 |   506 |   113 ||   866
       Plate armour      |       |       |       |    40 |       |       ||    40
Dodge: Dodged            |    52 |    74 |   154 |   149 |   399 |    58 ||   886
Block: Shield            |    79 |   111 |   454 |   908 |  1629 |       ||  3181
       Reflection        |       |       |    18 |     7 |    51 |     7 ||    83
       Large shield      |       |       |       |       |   581 |   397 ||   978
